AoeStats
← Jabawakai

Arabia

510909519Analyzed
1v1 RM · 21h ago on Oct 3, 2026· 25m 30s· 2 players
Game mode
Random Map
Map size
Tiny (2 player)
Population
200
Speed
Normal
Resources
Standard
Victory
Conquest
Starting age
Dark Age
Ending age
Imperial Age
RankedLock teamsTeams togetherTeam positionsShared explorationLock speedFull tech treeHidden civsTurbo modeCheats
Victory
Defeat
🇺🇸 Muisca · United States
1246
+16
🇺🇸 Maya · United States
1236
-16
Anduril1911
0:25 Loom
10:26 Feudal Age
15:25 Castle Age
15:14 Padded Archer Armor
16:07 Fletching
16:52 Double-Bit Axe
19:03 Eagle Warrior
21:40 Scale Mail Armor
21:44 Gold Mining
22:43 Forging
23:23 Squires
24:17 Man-at-Arms
Jabawakai
7:01 Loom
9:47 Feudal Age
10:18 Double-Bit Axe
10:40 Champi Runner
11:55 Fletching
12:15 Scale Mail Armor
19:23 Castle Age
19:09 Forging
19:35 Champi Warrior
20:19 Squires
20:46 Chain Mail Armor
24:23 Wheelbarrow
24:47 Iron Casting
Connection lost

Rejoining the realm…

Still unreachable

The connection could not be restored.

Session expired

The server has moved on; the page needs a fresh start.